 Dungeon Crawl Stone Soup version 0.28.0 (webtiles) character file.

Game seed: 10478527490071191389

4050 pkoi the Frost Mage (level 10, -6/103 HPs)
             Began as a Black Draconian Ice Elementalist on Feb 7, 2022.
             Killed from afar by a will-o-the-wisp (17 damage)
             ... with a foxfire
             ... on level 1 of the Abyss.
             The game lasted 00:16:12 (10642 turns).

pkoi the Frost Mage (DrIE)                         Turns: 10642, Time: 00:16:12

Health: -6/103     AC:  7    Str: 10    XL:     10   Next: 4%
Magic:  20/21      EV: 16    Int: 19    God:
Gold:   380        SH:  0    Dex: 19    Spells: 13/24 levels left

rFire   . . .      SeeInvis .   B - +0 spear (venom)
rCold   . . .      Faith    .   (no shield)
rNeg    . . .      Spirit   .   (armour unavailable)
rPois   .          Reflect  .   (helmet restricted)
rElec   +          Harm     .   g - scarf {repulsion}
rCorr   .          Rampage  .   (no gloves)
Will    .....                   (no boots)
Stlth   ..........              j - amulet of regeneration
HPRegen 1.07/turn               v - +6 ring of dexterity
MPRegen 0.17/turn               F - +4 ring of evasion

@: berserking (expiring), repel missiles, very quick
A: breathe lightning, AC +7, unfitting armour, electricity resistance,
cold-blooded
a: Breathe Lightning


You were on level 1 of the Abyss.
You visited 1 branch of the dungeon, and saw 8 of its levels.
You visited the Abyss 1 time.
You also visited: Sewer.

You collected 380 gold pieces.

Inventory:

Hand Weapons
 s - a +2 short sword of flaming
 A - a +2 dagger of electrocution
 B - a +0 spear of venom (weapon)
Missiles
 l - 29 poisoned darts
Armour
 f - a +1 cloak
 g - a scarf of repulsion (worn)
Jewellery
 i - an amulet of reflection
 j - an amulet of regeneration (around neck)
 v - a +6 ring of dexterity (left hand)
 F - a +4 ring of evasion (right hand)
Wands
 C - a wand of iceblast (16)
Scrolls
 a - a scroll of teleportation
 b - a scroll of immolation {unknown}
 c - 2 scrolls of enchant weapon
 o - a scroll of holy word
 w - a scroll of blinking
Potions
 d - 3 potions of resistance
 e - a potion of ambrosia
 h - 5 potions of curing
 k - a potion of magic {unknown}
 m - 2 potions of flight
 n - 2 potions of heal wounds
 p - a potion of degeneration
 t - a potion of invisibility
 x - 2 potions of haste


   Skills:
 - Level 1.7 Dodging
 - Level 1.7 Stealth
 + Level 7.6 Spellcasting
 + Level 6.3 Conjurations
 + Level 11.0 Ice Magic


You had 13 spell levels left.
You knew the following spells:

 Your Spells              Type           Power      Damage    Failure   Level
a - Freeze                Ice            100%       1d11      1%          1
b - Frozen Ramparts       Ice            98%        1d11      1%          3
c - Ozocubu's Armour      Ice            49%        N/A       1%          3
d - Hailstorm             Conj/Ice       40%        3d10      2%          4

Your spell library contained the following spells:

 Spells                   Type           Power      Damage    Failure   Level
 Dazzling Flash           Conj/Hex       38%        N/A       8%          3
 Stone Arrow              Conj/Erth      38%        3d9       8%          3
 Animate Skeleton         Necr           14%        N/A       10%         1
 Beastly Appendage        Tmut           14%        N/A       10%         1
 Pain                     Necr           28%        1d5       10%         1
 Sandblast                Erth           14%        2d6       10%         1
 Slow                     Hex            28%        N/A       10%         1
 Passwall                 Tmut/Erth      5%         N/A       14%         2
 Wereblood                Tmut           7%         N/A       14%         2
 Confusing Touch          Hex            7%         N/A       28%         3
 Gell's Gravitas          Tloc           7%         N/A       28%         3
 Lesser Beckoning         Tloc           7%         N/A       28%         3
 Spider Form              Tmut/Pois      7%         N/A       28%         3
 Teleport Other           Tloc           7%         N/A       28%         3
 Vampiric Draining        Necr           7%         2d6       28%         3
 Agony                    Necr           7%         N/A       95%         5
 Silence                  Hex/Air        3%         N/A       95%         5


Dungeon Overview and Level Annotations

Branches:
Dungeon (8/15)             Temple (0/1) D:5            Lair (0/6) D:8
  Sewer (visited)

Altars:
Ashenzari
Cheibriados
Elyvilon
Fedhas
Hepliaklqana
Nemelex Xobeh
Qazlal
Ru
Wu Jian
The Shining One

Shops:
D:3 [

Annotations:
D:6 2 transporters, themarg's ghost, novice GnWn
D:8 Joseph; Psyche


Innate Abilities, Weirdness & Mutations

You can breathe wild blasts of lightning.
Your glossy black scales are hard. (AC +7)
You cannot fit into any form of body armour.
You are resistant to electric shocks. (rElec)
You are cold-blooded and may be slowed by cold attacks.


Message History

* * * LOW HITPOINT WARNING * * *
You hit the apocalypse crab.
You kill the apocalypse crab!
That felt strangely unrewarding.
You feel sick.
You are no longer poisoned.
Unknown command.
You barely miss the will-o-the-wisp.
The will-o-the-wisp is lightly damaged.
You feel yourself speed up.
The will-o-the-wisp resists.
The wall freezes the will-o-the-wisp.
The will-o-the-wisp misses you.
Unknown command.
You hit the will-o-the-wisp.
The will-o-the-wisp is moderately damaged.
The will-o-the-wisp resists.
The wall freezes the will-o-the-wisp.
The will-o-the-wisp misses you.
You hit the will-o-the-wisp.
The will-o-the-wisp is moderately damaged.
You barely miss the will-o-the-wisp.
The will-o-the-wisp is moderately damaged.
The will-o-the-wisp resists.
The wall freezes the will-o-the-wisp.
The will-o-the-wisp engulfs you.
* * * LOW HITPOINT WARNING * * *
You closely miss the will-o-the-wisp.
Your tail-slap misses the will-o-the-wisp.
The will-o-the-wisp is moderately damaged.
The will-o-the-wisp resists.
The wall freezes the will-o-the-wisp.
The will-o-the-wisp closely misses you.
You closely miss the will-o-the-wisp.
The will-o-the-wisp is moderately damaged.
You hit the will-o-the-wisp.
The will-o-the-wisp is heavily damaged.
The frozen ramparts melt away.
The will-o-the-wisp gestures.
The will-o-the-wisp conjures some foxfire! 2 foxfires come into view.
You closely miss the will-o-the-wisp.
The will-o-the-wisp is heavily damaged.
The foxfire hits you!
You die...

# ..#. .# . .
..####.#. #.. ##
..#...#..#
...... ..#.#.. #
.## . . . . #.
.## ##... ..
#### .##..# .#
## # .###. ..# #
#. # #.###.# ...
##.# #§v@.## #
#.....#.###v##.#
. . .#.....#§v
.# # ##.#. ##
#..# # #. #...##
# ### #..#. ...
. ##.# # # ##
### . #


You could see a will-o-the-wisp.

Vanquished Creatures
  A two-headed ogre (D:8)
  An apocalypse crab (Abyss:1)
  A hornet (D:7)
  A steam dragon (D:7)
  A small abomination (Abyss:1)
  4 water moccasins
  3 wargs (D:8)
  2 sky beasts
  An ice beast (D:6)
  2 black bears (D:6)
  A necrophage (D:5)
  2 ogres
  A phantom (D:6)
  A centaur (D:7)
  3 kobold brigands
  A bullfrog (D:8)
  4 scorpions
  A water moccasin zombie (D:5)
  A water moccasin skeleton (D:6)
  5 howler monkeys (D:7)
  3 hounds
  5 orc priests
  3 iguanas
  An iron imp (Abyss:1)
  2 jellies
  An orc wizard (D:5)
  Ijyb (D:5)
  A killer bee zombie (D:7)
  7 gnolls
  2 adders (D:3)
  2 river rats (Sewer)
  A shadow imp (D:7)
  An ufetubus (D:5)
  An adder zombie (D:5)
  3 adder skeletons (D:4)
  3 worms
  2 dart slugs
  14 orcs
  4 endoplasms
  3 giant cockroaches
  7 goblins
  9 hobgoblins
  6 jackals
  10 kobolds
  7 quokkas
  3 ball pythons
  2 bats
  A frilled lizard (D:2)
  12 rats
154 creatures vanquished.

Vanquished Creatures (collateral kills)
  A centaur skeleton (D:7)
1 creature vanquished.

Vanquished Creatures (others)
  37 plants (D:2)
37 creatures vanquished.

Grand Total: 192 creatures vanquished

Notes
Turn   | Place    | Note
-------+----------+-------------------------------------------
     0 | D:1      | pkoi the Draconian Ice Elementalist began the quest for the
                  | Orb.
     0 | D:1      | Reached XP level 1. HP: 14/14 MP: 3/3
   316 | D:1      | Reached XP level 2. HP: 19/20 MP: 3/5
  1051 | D:1      | Found a faded altar of an unknown god.
  1266 | D:2      | Reached skill level 5 in Ice Magic
  1324 | D:2      | Reached XP level 3. HP: 26/26 MP: 4/6
  1486 | D:2      | Identified the +8 ring mail of Impermeability {Harm rCorr
                  | Slay-4}
  2498 | D:3      | Found a glowing drain.
  2501 | D:3      | Reached XP level 4. HP: 26/33 MP: 4/7
  2509 | Sewer    | Entered a sewer
  2961 | Sewer    | Learned a level 3 spell: Frozen Ramparts
  2965 | Sewer    | Learned a level 3 spell: Ozocubu's Armour
  3038 | Sewer    | Noticed a kobold brigand
  3039 | Sewer    | Noticed a kobold brigand
  3057 | Sewer    | Killed a kobold brigand
  3058 | Sewer    | Reached skill level 6 in Ice Magic
  3058 | Sewer    | Reached XP level 5. HP: 25/38 MP: 4/8
  3912 | Sewer    | Found a white marble altar of Elyvilon.
  4117 | D:3      | Found Huyng's Armour Shop.
  4585 | D:3      | Reached XP level 6. HP: 14/45 MP: 7/10
  4896 | D:3      | Learned a level 4 spell: Hailstorm
  5140 | D:4      | Reached skill level 7 in Ice Magic
  5506 | D:4      | Found a snail-covered altar of Cheibriados.
  5509 | D:4      | Found a white marble altar of Elyvilon.
  5510 | D:4      | Found a sacrificial altar of Ru.
  5511 | D:4      | Found a stormy altar of Qazlal.
  6115 | D:4      | Found a blossoming altar of Fedhas.
  6116 | D:4      | Found an ornate altar of the Wu Jian Council.
  6118 | D:4      | Found a hazy altar of Hepliaklqana.
  6120 | D:4      | Found a glowing golden altar of the Shining One.
  6306 | D:5      | Entered Level 5 of the Dungeon
  6371 | D:5      | Your scales start taking on a glossy black colour.
  6371 | D:5      | Reached XP level 7. HP: 49/50 MP: 8/12
  6371 | D:5      | Gained mutation: You are resistant to electric shocks.
                  | (rElec) [Black Draconian growth]
  6434 | D:5      | Found a staircase to the Ecumenical Temple.
  6681 | D:5      | Reached skill level 8 in Ice Magic
  6925 | D:5      | Found a broken altar of Ashenzari.
  7060 | D:5      | Noticed Ijyb
  7070 | D:5      | Killed Ijyb
  7210 | D:5      | Reached skill level 9 in Ice Magic
  7210 | D:5      | Reached XP level 8. HP: 54/57 MP: 7/15
  7302 | D:5      | Reached skill level 5 in Spellcasting
  7302 | D:5      | Reached skill level 1 in Conjurations
  7882 | D:6      | Noticed themarg's ghost (novice GnWn)
  7950 | D:6      | Found a transporter.
  7955 | D:6      | Found a transporter.
  8398 | D:7      | Noticed a hornet
  8405 | D:7      | Killed a hornet
  8406 | D:7      | Reached skill level 10 in Ice Magic
  8406 | D:7      | Reached XP level 9. HP: 33/62 MP: 15/18
  9405 | D:7      | Reached skill level 5 in Conjurations
 10166 | D:8      | Noticed a two-headed ogre
 10175 | D:8      | Killed a two-headed ogre
 10276 | D:8      | Found a staircase to the Lair.
 10294 | D:8      | Reached skill level 11 in Ice Magic
 10326 | D:8      | Noticed Joseph
 10356 | D:8      | Reached XP level 10. HP: 44/69 MP: 17/21
 10377 | D:8      | Found a sparkling altar of Nemelex Xobeh.
 10482 | D:8      | Noticed Psyche
 10490 | D:8      | Cast into level 1 of the Abyss (Psyche)
 10624 | Abyss:1  | Noticed an apocalypse crab
 10630 | Abyss:1  | Noticed a will-o-the-wisp
 10634 | Abyss:1  | Killed an apocalypse crab
 10642 | Abyss:1  | Killed from afar by a will-o-the-wisp

Illustrated notes

Levels and vault maps discovered:
D:1:      shiori_arrival_elements, layout_basic,
          hellmonk_ecumenical_altar_pennies_from_heaven
D:2:      layout_loops_ring, st_stairs_4, minmay_misc_feat_four_crosses,
          serial_bayou_lagoon_a, kennysheep_nub
D:3:      layout_rooms, serial_shops, shop, portal_sewer_entry_d,
          nicolae_figureground_pulse
D:4:      layout_basic, mainiacjoe_overflow_alcove_3, minitemple,
          kennysheep_decorative_pillar, item_on_display_a
D:5:      layout_basic, ashenzari_altar_1, minmay_temple_entry_overgrown,
          minmay_misc_feat_roman, uniq_ijyb
D:6:      layout_basic, gammafunk_ghost_hive
D:7:      layout_basic
D:8:      layout_layer_cave, nemelex_spade_bored_becter,
          erik_lair_orcish_takeover, enter_ossuary_5, uniq_psyche, uniq_joseph
Abyss:1:  base:
D:8

Skill      XL: |  1  2  3  4  5  6  7  8  9 |
---------------+----------------------------+-----
Ice Magic      | 5 6 7 9 10 11 | 11.0
Spellcasting   | 3 4 6 7 |  7.6
Conjurations   | 4 6 |  6.3
Dodging        | |  1.7
Stealth        | |  1.7

Action                   |  1- 3 |  4- 6 |  7- 9 | 10-12 || total
-------------------------+-------+-------+-------+-------++-------
Melee: Unarmed           |     3 |       |       |       ||     3
       Punch             |     2 |     2 |       |       ||     4
       Dagger            |    64 |    50 |    66 |       ||   180
       Tailslap          |     7 |     9 |    28 |     7 ||    51
       Short sword       |       |    30 |    24 |       ||    54
       Spear             |       |       |    62 |    32 ||    94
 Cast: Freeze            |    67 |     8 |       |       ||    75
       Frozen Ramparts   |       |    17 |    44 |     4 ||    65
       Ozocubu's Armour  |       |     5 |       |       ||     5
 Abil: Breathe Lightning |       |       |     2 |       ||     2
  Use: Scroll            |     3 |       |    12 |       ||    15
       Potion            |       |       |     1 |       ||     1
 Stab: Sleeping          |     1 |       |     1 |     1 ||     3
Armor: Skin              |    34 |    29 |    30 |     5 ||    98
Dodge: Dodged            |    81 |    71 |   105 |    17 ||   274
       Repelled          |     1 |       |       |       ||     1
